 Dungeon Crawl Stone Soup version 0.23-a0-890-gc183402 (webtiles) character file.

Game seed: 10132633949048470710

39 tidbits the Bolt Thrower (level 3, 2/31 HPs)
             Began as a Gnoll Wanderer on Jan 28, 2019.
             Quit the game on level 3 of the Dungeon.
             The game lasted 00:07:03 (624 turns).

tidbits the Bolt Thrower (Gnoll Wanderer)            Turns: 624, Time: 00:07:04

Health: 2/31       AC:  6    Str: 14    XL:     3   Next: 45%
Magic:  4/4        EV: 15    Int: 14    God:
Gold:   38         SH:  0    Dex: 20    Spells: 2/3 levels left

rFire    . . .     SeeInvis .   g - +0 spear
rCold    . . .     Gourm    .   (no shield)
rNeg     . . .     Faith    .   b - +1 ring mail
rPois    .         Spirit   .   (no helmet)
rElec    .         Reflect  .   (no cloak)
rCorr    .         Harm     .   (no gloves)
MR       .....                  (no boots)
Stlth    +++.......             (no amulet)
HPRegen  0.10/turn              (no ring)
MPRegen  0.09/turn              (no ring)

@: agile
A: distributed training, fangs 1, strong nose
a: no special abilities


You were on level 3 of the Dungeon.
You were very full.

You visited 1 branch of the dungeon, and saw 4 of its levels.

You collected 38 gold pieces.

Inventory:

Hand Weapons
 a - a +0 dagger
 g - a +0 spear (weapon)
 j - a +0 war axe
Missiles
 e - 28 stones (quivered)
 l - 16 bolts
Armour
 b - a +1 ring mail (worn)
 h - a +0 leather armour
 n - a +2 buckler
Scrolls
 c - a scroll of teleportation
 d - a scroll of blinking {unknown}
 i - a scroll of fear {unknown}
 k - a scroll of amnesia {unknown}
Potions
 m - a potion of agility
Comestibles
 f - 2 rations


   Skills:
 + Level 4.5 Fighting
 + Level 0.7 Short Blades
 + Level 0.7 Long Blades
 + Level 0.7 Axes
 + Level 0.7 Maces & Flails
 + Level 0.7 Polearms
 + Level 0.7 Staves
 + Level 0.7 Slings
 + Level 0.7 Bows
 + Level 4.5 Crossbows
 + Level 0.7 Throwing
 + Level 2.6 Armour
 + Level 0.7 Dodging
 + Level 2.3 Stealth
 + Level 0.7 Shields
 + Level 0.7 Unarmed Combat
 + Level 0.7 Spellcasting
 + Level 0.5 Conjurations
 + Level 0.5 Hexes
 + Level 0.5 Charms
 + Level 0.5 Summonings
 + Level 3.7 Necromancy
 + Level 0.5 Translocations
 + Level 2.1 Transmutations
 + Level 0.5 Fire Magic
 + Level 0.5 Ice Magic
 + Level 0.5 Air Magic
 + Level 0.5 Earth Magic
 + Level 0.5 Poison Magic
 + Level 0.9 Invocations
 + Level 2.6 Evocations


You had 2 spell levels left.
You knew the following spells:

 Your Spells              Type           Power        Failure   Level  Hunger
a - Pain                  Necr           ##..         12%         1    ##.....

Your spell library contained the following spells:

 Spells                   Type           Power        Failure   Level  Hunger
 Animate Skeleton         Necr           N/A          12%         1    ##.....
 Vampiric Draining        Necr           ##........   34%         3    ####...
 Regeneration             Chrm/Necr      #.........   56%         3    ####...
 Animate Dead             Necr           N/A          75%         4    #####..


Dungeon Overview and Level Annotations

Branches:
Dungeon (4/15)
 Temple: D:4-7

Altars:

Annotations:
D:3 exclusion: adder


Innate Abilities, Weirdness & Mutations

Your experience applies equally to all skills.
You have very sharp teeth.
Your uncanny sense of smell can sniff out nearby items.


Message History

Unknown command.
Unknown command.
Unknown command.
Unknown command.
You see here a war axe.
j - a war axe The frilled lizard hisses angrily.
You are too injured to fight recklessly!
Attack whom?
Press: ? - help, Dir - move target cursor, f - frilled lizard
Aim: a frilled lizard You reach to attack!
You barely miss the frilled lizard. You barely miss the frilled lizard.
The frilled lizard bites you but does no damage.
You barely miss the frilled lizard. The frilled lizard bites you.
* * * LOW HITPOINT WARNING * * *
You miss the frilled lizard. The frilled lizard closely misses you.
You hit the frilled lizard.
You kill the frilled lizard!
Found 9 gold pieces.
You see here 9 gold pieces.
You now have 38 gold pieces (gained 9).
Unknown command.
Found a whip and 16 arrows.
Found a scroll labeled JUASEARIRR.
You see here a whip.
You see here a scroll labeled JUASEARIRR.
k - a scroll labeled JUASEARIRR Unknown command.
A worm and a centaur come into view.
The centaur shouts!
The centaur moves out of view.
You see here a whip.
Okay, then.
An orc comes into view. It is wielding a +0 hand axe.
Found a stone staircase leading down.
Unknown command.
Unknown command.
The orc shouts!
Unknown command.
Okay, then.
Throwing (i - inventory)
e - 29 stones (quivered)
Press: ? - help, Shift-Dir - straight line, f - orc
Aim: an orc, wielding a +0 hand axe You throw a stone.
The stone completely misses the orc.
Attack whom?
Press: ? - help, Dir - move target cursor, f/p - orc
Aim: an orc, wielding a +0 hand axe You reach to attack!
You hit the orc but do no damage. You hit the orc.
The orc is lightly wounded.
The orc hits you but does no damage.
You hit the orc.
The orc is heavily wounded.
The orc closely misses you.
You closely miss the orc.
The orc is heavily wounded.
The orc barely misses you.
You hit the orc.
You kill the orc!
You see here a +0 hand axe.
Unknown command.
Unknown command.
There is a stone staircase leading down here.
You climb downwards.
The orc priest shouts!
The orc priest looks encouraged for a moment.
There is a stone staircase leading up here.
Unknown command.
Unknown command.
You see here a runed buckler.
Unknown command.
n - a runed buckler The orc priest closely misses you.
There is a stone staircase leading up here.
The orc priest barely misses you.
You climb upwards.
Level annotation: exclusion: adder
There is a stone staircase leading down here.
Unknown command.
You feel agile all of a sudden.
The orc priest invokes the aid of Beogh against you.
Beogh smites you!
* * * LOW HITPOINT WARNING * * *
You barely miss the orc priest. The orc priest closely misses you.
Attack whom?
Press: ? - help, Dir - move target cursor, f - orc priest
Aim: an orc priest, wielding a +0 short sword and wearing a +0 ring mail
Okay, then.
You hit the orc priest but do no damage.
The orc priest hits you with a +0 short sword.
* * * LOW HITPOINT WARNING * * *
You completely miss the orc priest.
The orc priest hits you but does no damage.
You hit the orc priest but do no damage.
You punch the orc priest, but do no damage.
The orc priest barely misses you.
You hit the orc priest but do no damage.
The orc priest casts a cantrip, but nothing happens.
Are you sure you want to abandon this character and quit the game? (Confirm with "yes".)

#### ..# #.# #######.##
###
......o@.#############).
####...(.)...##........#
#.##..###.##.######## #
#..##.............
#..##..##.########
...##..##.# ##..##..##.#
#..##..#... ####
#..##...... #...


You could see an orc priest.

Vanquished Creatures
  A gnoll (D:1)
  An adder (D:4)
  A worm (D:2)
  A leopard gecko (D:2)
  An orc (D:3)
  3 goblins
  A hobgoblin (D:1)
  3 kobolds
  A quokka (D:2)
  3 frilled lizards
  A rat (D:2)
17 creatures vanquished.

Notes
Turn   | Place    | Note
-------+----------+-------------------------------------------
     0 | D:1      | tidbits the Gnoll Wanderer began the quest for the Orb.
     0 | D:1      | tidbits set off with the following items: a +0 ring mail, a
                  | potion of lignification, a +0 dagger, a ration; and the
                  | following spells available to memorise: Animate Skeleton,
                  | Pain, Vampiric Draining, Regeneration, Animate Dead
     0 | D:1      | Reached XP level 1. HP: 20/20 MP: 2/2
   139 | D:1      | HP: 4/20 [gnoll/+0 spear (3)]
   141 | D:1      | Reached skill level 2 in Transmutations
   141 | D:1      | Reached XP level 2. HP: 4/26 MP: 3/3
   144 | D:1      | Learned a level 1 spell: Pain
   361 | D:2      | Reached XP level 3. HP: 15/31 MP: 4/4
   396 | D:2      | You fall through a shaft for 2 floors!
   401 | D:4      | HP: 3/31 [orc priest/divine providence (16)]
   445 | D:4      | HP: 6/31 [poisoned by an adder]
   450 | D:4      | HP: 6/31 [poisoned by an adder]
   455 | D:4      | HP: 5/31 [poisoned by an adder]
   460 | D:3      | HP: 4/31 [poisoned by an adder]
   500 | D:3      | HP: 6/31 [kobold/stone (1)]
   516 | D:3      | HP: 6/31 [frilled lizard (2)]
   574 | D:3      | Noticed a centaur
   618 | D:3      | HP: 5/31 [orc priest/divine providence (11)]
   620 | D:3      | HP: 2/31 [orc priest/+0 short sword (4)]
   624 | D:3      | Quit the game

Vault maps used:
D:1:      dpeg_arrival_tiny_b
D:3:      fedhas_altar_2, chequers_ecumenical_altar_lobes,
          uniq_crazy_yiuf_cottage, uniq_grinder
D:4:      nemelex_xobeh_ov_fountains_minmay, lemuel_round_altar, zin_statuary,
          first_ration, uniq_pikel

Skill      XL: |  1 |
---------------+----+-----
Transmutations | 2 |  2.1
Fighting       | |  4.5
Short Blades   | |  0.7
Long Blades    | |  0.7
Axes           | |  0.7
Maces & Flails | |  0.7
Polearms       | |  0.7
Staves         | |  0.7
Slings         | |  0.7
Bows           | |  0.7
Crossbows      | |  4.5
Throwing       | |  0.7
Armour         | |  2.6
Dodging        | |  0.7
Stealth        | |  2.3
Shields        | |  0.7
Unarmed Combat | |  0.7
Spellcasting   | |  0.7
Conjurations   | |  0.5
Hexes          | |  0.5
Charms         | |  0.5
Summonings     | |  0.5
Necromancy     | |  3.7
Translocations | |  0.5
Fire Magic     | |  0.5
Ice Magic      | |  0.5
Air Magic      | |  0.5
Earth Magic    | |  0.5
Poison Magic   | |  0.5
Invocations    | |  0.9
Evocations     | |  2.6

Action                   || total
-------------------------++-------
Melee: Dagger            ||    34
       Bite              ||     4
       Unarmed           ||     9
       Spear             ||    42
       Punch             ||     2
Throw: Stone             ||     2
  Use: Potion            ||     7
       Scroll            ||     3
 Stab: Sleeping          ||     1
  Eat: Ration            ||     2
Armor: Ring mail         ||    17
       Skin              ||    12
Dodge: Dodged            ||    44

Table legend:
 A = Non-vault XP
 B = Vault XP
 C = Vault XP percentage of total XP
 D = Non-vault monster count
 E = Vault monster count
 F = Vault count percentage of total count
                 A         B        C        D         E       F
            +---------+---------+-------+---------+---------+-------
      Total |      56 |       0 |   0.0 |      17 |       0 |   0.0
            +---------+---------+-------+---------+---------+-------
        D:1 |      21 |       0 |   0.0 |       5 |       0 |   0.0
        D:2 |      17 |       0 |   0.0 |       8 |       0 |   0.0
        D:3 |       5 |       0 |   0.0 |       3 |       0 |   0.0
        D:4 |      13 |       0 |   0.0 |       1 |       0 |   0.0
            +---------+---------+-------+---------+---------+-------

Table legend:
 A = Turns spent in this place as a percentage of turns spent in the entire game.
 B = Non-inter-level travel turns spent in this place as a percentage of non-inter-level travel turns spent in the entire game.
 C = Inter-level travel turns spent in this place as a percentage of turns spent in this place.
 D = Turns resting spent in this place as a percentage of non-inter-level travel turns spent in this place.
 E = Turns spent auto-exploring this place as a percentage of non-inter-level travel turns spent in this place.
 F = Non-inter-level travel turns spent in this place divided by the number of levels of this place that you've seen.
                   A       B       C       D       E      F
               +-------+-------+-------+-------+-------+----------------------
         Total | 100.0 | 100.0 |   2.9 |   0.0 |   0.0 | 151.5
       Dungeon | 100.0 | 100.0 |   2.9 |   0.0 |   0.0 | 151.5
               +-------+-------+-------+-------+-------+----------------------

Table legend:
 A = Kills in this place as a percentage of kills in entire the game.
 B = Kills by you in this place as a percentage of kills by you in the entire game.
 C = Kills by friends in this place as a percentage of kills by friends in the entire game.
 D = Other kills in this place as a percentage of other kills in the entire game.
 E = Experience gained in this place as a percentage of experience gained in the entire game.
 F = Experience gained in this place divided by the number of levels of this place that you have seen.
                   A       B       C       D       E      F
               +-------+-------+-------+-------+-------+----------------------
         Total | 100.0 | 100.0 |   N/A |   N/A | 100.0 |  14.0
       Dungeon | 100.0 | 100.0 |   N/A |   N/A | 100.0 |  14.0
               +-------+-------+-------+-------+-------+----------------------

Vault maps used:
D:1:      dpeg_arrival_tiny_b
D:3:      fedhas_altar_2, chequers_ecumenical_altar_lobes,
          uniq_crazy_yiuf_cottage, uniq_grinder
D:4:      nemelex_xobeh_ov_fountains_minmay, lemuel_round_altar, zin_statuary,
          first_ration, uniq_pikel
